AoeStats
← Nefurious Weasel

Arabia

509261063Analyzed
1v1 RM · 7d ago on Sep 26, 2026· 39m 55s· 2 players
Game mode
Random Map
Map size
Tiny (2 player)
Population
200
Speed
Normal
Resources
Standard
Victory
Conquest
Starting age
Dark Age
Ending age
Imperial Age
RankedLock teamsTeams togetherTeam positionsShared explorationLock speedFull tech treeHidden civsTurbo modeCheats
Victory
Defeat
🇦🇷 Franks · Argentina
977
+17
🇺🇸 Persians · United States
1000
-51
IIIGekoIII
6:58 Loom
10:20 Feudal Age
10:48 Double-Bit Axe
14:08 Wheelbarrow
20:38 Castle Age
20:00 Forging
20:26 Scale Barding Armor
20:20 Gold Mining
21:07 Scale Mail Armor
20:58 Fletching
21:01 Pikeman
22:11 Bow Saw
22:54 Iron Casting
23:30 Stone Mining
24:25 Bodkin Arrow
25:37 Hand Cart
33:35 Imperial Age
32:02 Chain Mail Armor
35:25 Chemistry
34:45 Ballistics
37:59 Plate Mail Armor
38:29 Blast Furnace
37:28 Halberdier
Nefurious Weasel
10:15 Feudal Age
8:48 Loom
13:56 Double-Bit Axe
14:52 Wheelbarrow
16:49 Horse Collar
20:07 Castle Age
23:16 Fletching
23:38 Forging
23:34 Scale Barding Armor
25:04 Bow Saw
24:49 Gold Mining
24:50 Stone Mining
28:41 Stone Shaft Mining
28:43 Gold Shaft Mining
28:06 Bodkin Arrow
39:22 Imperial Age
38:08 Chain Barding Armor
Connection lost

Rejoining the realm…

Still unreachable

The connection could not be restored.

Session expired

The server has moved on; the page needs a fresh start.